AoeStats
← kamikaze21_

Black Forest

509855973Analyzed
2v2 RM · 3d ago on Sep 28, 2026· 55m 5s· 4 players
Game mode
Random Map
Map size
Medium (4 player)
Population
200
Speed
Normal
Resources
Standard
Victory
Conquest
Starting age
Dark Age
Ending age
Imperial Age
RankedLock teamsTeams togetherTeam positionsShared explorationLock speedFull tech treeHidden civsTurbo modeCheats
Victory
Defeat
🇪🇸 Persians · Spain
800
+15
🇵🇹 Britons · Portugal
729
+18
🇨🇿 Varangians · Czechia
782
-17
🇷🇺 Danes · Russia
771
-16
El Presidente
1:38 Loom
19:57 Feudal Age
22:41 Wheelbarrow
23:16 Double-Bit Axe
26:57 Castle Age
24:57 Stone Mining
33:21 Sanctity
42:50 Redemption
42:52 Fervor
51:30 Hamask
52:49 Bow Saw
pocestny
2:13 Loom
14:37 Feudal Age
15:08 Horse Collar
22:04 Scale Mail Armor
22:15 Forging
22:40 Town Watch
34:41 Double-Bit Axe
44:25 Wheelbarrow
53:44 Castle Age
53:27 Fletching
53:38 Padded Archer Armor
pedrollobo
0:49 Loom
23:37 Feudal Age
24:32 Double-Bit Axe
24:31 Horse Collar
25:33 Wheelbarrow
26:02 Gold Mining
28:28 Castle Age
26:44 Stone Mining
29:51 Wheelbarrow
29:31 Town Watch
31:13 Bow Saw
33:14 Squires
33:52 Gambesons
34:46 Heavy Plow
37:27 Gold Shaft Mining
37:48 Pikeman
37:49 Man-at-Arms
39:43 Hand Cart
39:25 Fletching
39:36 Padded Archer Armor
40:02 Treadmill Crane
40:44 Ballistics
41:56 Caravan
45:58 Imperial Age
43:09 Long Swordsman
45:31 Yeomen
45:56 Forging
45:41 Bodkin Arrow
45:48 Scale Mail Armor
45:55 Scale Barding Armor
46:08 Leather Archer Armor
46:00 Husbandry
45:21 Light Cavalry
48:19 Two-Man Saw
48:01 Conscription
49:29 Chemistry
49:37 Two-Handed Swordsman
50:57 Chain Mail Armor
51:30 Warwolf
51:57 Elite Longbowman
55:04 Champion
kamikaze21_
1:15 Loom
11:26 Feudal Age
12:47 Wheelbarrow
11:57 Town Watch
16:30 Castle Age
22:09 Horse Collar
22:23 Gold Mining
23:57 Fervor
24:18 Scale Barding Armor
25:40 Bloodlines
26:34 Husbandry
37:17 Heavy Plow
42:56 Light Cavalry
44:37 Crossbowman
45:57 Pikeman
47:40 Gambesons
48:24 Double-Bit Axe
55:45 Thumb Ring
Connection lost

Rejoining the realm…

Still unreachable

The connection could not be restored.

Session expired

The server has moved on; the page needs a fresh start.